 Dungeon Crawl Stone Soup version 0.31-a0-355-g57cb03d3e8 (webtiles) character file.

Game seed: 833701313427323934

1430 cforsyth the Charlatan (level 8, 0/54 HPs)
             Began as a Gnoll Artificer on July 25, 2023.
             Was a Follower of Hepliaklqana.
             Killed from afar by a white imp (1 damage)
             ... with a puff of frost
             ... summoned by Eustachio
             ... on level 6 of the Dungeon.
             The game lasted 00:16:19 (7828 turns).

cforsyth the Charlatan (Gnoll Artificer)            Turns: 7828, Time: 00:16:20

Health: 0/54       AC: 10    Str: 13    XL:     8   Next: 73%
Magic:  13/13      EV: 12    Int: 12    God:    Hepliaklqana [*.....]
Gold:   436        SH:  0    Dex: 12    Spells: 14/14 levels left

rFire   . . .        G - +2 flail (drain)
rCold   + . .        (no shield)
rNeg    . . .        g - +1 ring mail {rC+}
rPois   .            (no helmet)
rElec   .            (no cloak)
rCorr   .            D - +2 pair of gloves
SInv    .            (no boots)
Will    .....        (no amulet)
Stlth   ++           q - ring of wizardry
HPRegen 0.29/turn    s - ring of flight
MPRegen 0.13/turn

%: wizardry (x1)
@: flying
A: reduced essence, fangs 1, strong nose, distributed training
a: Renounce Religion, Recall Ancestor, Ancestor Identity


You were on level 6 of the Dungeon.
You worshipped Hepliaklqana.
Hepliaklqana was aware of your devotion.
You visited 2 branches of the dungeon, and saw 7 of its levels.

You collected 436 gold pieces.

Inventory:

Hand Weapons
 a - a +0 club
 G - a +2 flail of draining (weapon)
Missiles
 B - 5 poisoned darts
Armour
 g - a +1 ring mail of cold resistance (worn)
 t - a +0 pair of gloves
 D - a +2 pair of gloves (worn)
Jewellery
 n - a ring of fire
 q - a ring of wizardry (left hand)
 s - a ring of flight (right hand)
Talismans
 C - a blade talisman
Wands
 d - a wand of charming (11)
 u - a wand of paralysis (8)
 A - a wand of polymorph (9)
Scrolls
 h - a scroll of vulnerability {unknown}
 i - 6 scrolls of teleportation
 j - a scroll of revelation {unknown}
 k - a scroll of immolation
 l - a scroll of fog {unknown}
 m - a scroll of enchant weapon {unknown}
 w - a scroll of noise {unknown}
 y - a scroll of acquirement {unknown}
 z - a scroll of enchant armour {unknown}
 F - a scroll of blinking {unknown}
 H - a scroll of torment {unknown}
Potions
 b - 2 potions of degeneration {unknown}
 c - 2 potions of might {unknown}
 e - a potion of resistance {unknown}
 f - 4 potions of curing
 o - a potion of berserk rage {unknown}
 p - a potion of cancellation {unknown}
 r - 2 potions of enlightenment
 v - 2 potions of heal wounds {unknown}
 x - a potion of lignification {unknown}
 E - a potion of attraction {unknown}
 I - a potion of haste {unknown}


   Skills:
 + Level 4.5 Fighting
 + Level 3.6 Short Blades
 + Level 3.6 Long Blades
 + Level 3.6 Axes
 + Level 3.6 Maces & Flails
 + Level 3.6 Polearms
 + Level 3.6 Staves
 + Level 3.6 Ranged Weapons
 + Level 3.6 Throwing
 + Level 5.9 Armour
 + Level 4.5 Dodging
 + Level 4.3 Stealth
 + Level 3.6 Shields
 + Level 3.6 Unarmed Combat
 + Level 3.6 Spellcasting
 + Level 2.9 Conjurations
 + Level 2.9 Hexes
 + Level 2.9 Summonings
 + Level 2.9 Necromancy
 + Level 2.9 Translocations
 + Level 2.9 Transmutations
 + Level 2.9 Fire Magic
 + Level 2.9 Ice Magic
 + Level 2.9 Air Magic
 + Level 2.9 Earth Magic
 + Level 2.9 Poison Magic
 + Level 4.0 Invocations
 + Level 7.5 Evocations
 + Level 2.9 Shapeshifting


You had 14 spell levels left.
You didn't know any spells.
Your spell library contained the following spells:

 Spells                   Type           Power      Damage    Failure   Level
 Cigotuvi's Dreadful Rot  Necr/Pois/Air  18%        N/A       9%          2
 Dispel Undead            Necr           9%         3d8       45%         4
 Iskenderun's Battlesphe  Conj           9%         2d6       80%         5
 Death Channel            Necr           4%         N/A       100%        6
 Leda's Unmaking          Conj/Erth      4%         9d2       100%        6
 Spellforged Servitor     Conj/Summ      4%         N/A       100%        7


Dungeon Overview and Level Annotations

Branches:
Dungeon (6/15)             Temple (1/1) D:4

Altars:
Ashenzari
Cheibriados
Dithmenos
Elyvilon
Gozag
Hepliaklqana
Kikubaaqudgha
Makhleb
Nemelex Xobeh
Qazlal
Ru
Uskayaw
Vehumet
Wu Jian
Yredelemnul
The Shining One

Annotations:
D:6 Eustachio


Innate Abilities, Weirdness & Mutations

Your life essence is reduced to manifest your ancestor. (-10% HP)
You have very sharp teeth.
Your uncanny sense of smell can sniff out nearby items.
Your experience applies equally to all skills.


Message History

Eustachio is heavily wounded.
Eustachio hits you with a +4 falchion of freezing.
The white imp hits you but does no damage. x2
Eustachio barely misses you.
You hit Eustachio. You drain Eustachio.
Eustachio is severely wounded.
The white imp barely misses you.
The white imp hits you but does no damage.
Eustachio hits you with a +4 falchion of freezing.
The white imp hits you but does no damage.
The white imp barely misses you.
You are too injured to fight recklessly!
You are too injured to fight recklessly!
You sock Eustachio! You bite Eustachio.
Eustachio is almost dead.
Eustachio hits you with a +4 falchion of freezing.
The white imp closely misses you.
The white imp hits you but does no damage.
You barely miss Eustachio. Your punch misses Eustachio.
Eustachio is almost dead.
Eustachio hits you with a +4 falchion of freezing!
* * * LOW HITPOINT WARNING * * *
Eustachio freezes you.
* * * LOW HITPOINT WARNING * * *
The white imp hits you.
* * * LOW HITPOINT WARNING * * *
The white imp freezes you. You resist.
* * * LOW HITPOINT WARNING * * *
The white imp grins evilly.
The white imp gestures at you. The puff of frost hits you. You resist.
* * * LOW HITPOINT WARNING * * *
You hit Eustachio. You bite Eustachio.
Eustachio is almost dead.
Eustachio casts a spell.
Eustachio blinks!
The white imp hits you but does no damage.
The white imp gestures at you. The puff of frost hits you. You resist.
You die...

# #.###.#R# #.#
#.#...#.# #.#
..#####...#.#.#
#.#
.........##.#.####
#.#
#.>.##.....#....#
#.#
##.###.#####....#
..# #..@..# #....#
..# ##..#5###....#
..######
#.R@5.......#
........
......##ยง###.#'##
.####### .##?## 5#
#.#.#### .# .##.
.# #......# .#
#####.## .#
###.##.#
.####........# .#
#.##.#
...##........# .#
#.##.#
##.....####..# .#
#....#
####..)#..#..#
##.#####.####


You could see the friendly Cenhelm the ancestor, Eustachio (drained, ally
target), a quasit (summoned) and 2 white imps.

Vanquished Creatures
  An ice beast (D:6)
  2 ogres
  A kobold brigand (D:4)
  4 scorpions (D:5)
  3 vampire bats (D:3)
  3 hounds (D:4)
  A jelly (D:5)
  2 orc priests
  2 gnoll boudas (D:5)
  A sleepcap (D:3)
  3 iguanas
  Natasha (thrice) (D:4)
  An orc wizard (D:2)
  7 adders
  A worm (D:4)
  3 dart slugs
  18 orcs
  12 ball pythons
  A bat skeleton (D:3)
  4 bat zombies (D:3)
  11 endoplasms
  5 giant cockroaches
  14 goblins
  13 hobgoblins
  10 kobolds
  5 quokkas
  8 bats
  2 frilled lizards
  6 rats
147 creatures vanquished.

Vanquished Creatures (collateral kills)
  A howler monkey (D:6)
  2 orcs
  A goblin (D:6)
4 creatures vanquished.

Vanquished Creatures (others)
  Edmund (D:6)
  A water moccasin (D:5)
  An ancestor (D:6)
3 creatures vanquished.

Grand Total: 154 creatures vanquished

Notes
Turn   | Place    | Note
-------+----------+-------------------------------------------
     0 | D:1      | cforsyth the Gnoll Artificer began the quest for the Orb.
     0 | D:1      | Reached XP level 1. HP: 17/17 MP: 1/1
   122 | D:1      | Reached XP level 2. HP: 22/23 MP: 2/2
   513 | D:1      | Found a faded altar of an unknown god.
   716 | D:2      | Reached XP level 3. HP: 6/28 MP: 2/4
   852 | D:2      | Reached skill level 1 in Invocations
   970 | D:2      | Reached skill level 1 in Short Blades
   970 | D:2      | Reached skill level 1 in Long Blades
   970 | D:2      | Reached skill level 1 in Axes
   970 | D:2      | Reached skill level 1 in Maces & Flails
   970 | D:2      | Reached skill level 1 in Polearms
   970 | D:2      | Reached skill level 1 in Staves
   970 | D:2      | Reached skill level 1 in Ranged Weapons
   970 | D:2      | Reached skill level 1 in Throwing
   970 | D:2      | Reached skill level 1 in Shields
   970 | D:2      | Reached skill level 1 in Unarmed Combat
   970 | D:2      | Reached skill level 1 in Spellcasting
  1060 | D:2      | Reached XP level 4. HP: 34/34 MP: 5/5
  1930 | D:3      | Reached skill level 1 in Conjurations
  1930 | D:3      | Reached skill level 1 in Hexes
  1930 | D:3      | Reached skill level 1 in Summonings
  1930 | D:3      | Reached skill level 1 in Necromancy
  1930 | D:3      | Reached skill level 1 in Translocations
  1930 | D:3      | Reached skill level 1 in Transmutations
  1930 | D:3      | Reached skill level 1 in Fire Magic
  1930 | D:3      | Reached skill level 1 in Ice Magic
  1930 | D:3      | Reached skill level 1 in Air Magic
  1930 | D:3      | Reached skill level 1 in Earth Magic
  1930 | D:3      | Reached skill level 1 in Poison Magic
  1930 | D:3      | Reached skill level 1 in Shapeshifting
  2003 | D:3      | Found a sparkling altar of Nemelex Xobeh.
  2003 | D:3      | Found a broken altar of Ashenzari.
  2003 | D:3      | Found an opulent altar of Gozag.
  2306 | D:3      | Reached XP level 5. HP: 24/40 MP: 5/7
  2579 | D:3      | Found an ancient bone altar of Kikubaaqudgha.
  2670 | D:3      | Reached XP level 6. HP: 13/47 MP: 8/8
  2726 | D:3      | Reached skill level 5 in Armour
  3805 | D:4      | Reached skill level 7 in Evocations
  3805 | D:4      | Reached XP level 7. HP: 11/52 MP: 10/10
  4243 | D:4      | Noticed Natasha
  4262 | D:4      | Killed Natasha
  4323 | D:4      | Found a radiant altar of Vehumet.
  4367 | D:4      | Found a staircase to the Ecumenical Temple.
  4448 | Temple   | Entered the Ecumenical Temple
  4475 | Temple   | Became a worshipper of Hepliaklqana the Forgotten
  4755 | D:4      | Noticed Natasha
  4890 | D:4      | Killed Natasha
  4947 | D:4      | Noticed Natasha
  4955 | D:4      | Killed Natasha
  5185 | D:4      | Found an ornate altar of the Wu Jian Council.
  5368 | D:5      | Entered Level 5 of the Dungeon
  5774 | D:4      | HP: 2/53 [hound (4)]
  6745 | D:5      | Reached XP level 8. HP: 44/60 MP: 12/12
  7237 | D:5      | Found a stormy altar of Qazlal.
  7264 | D:5      | Reached * piety under Hepliaklqana
  7545 | D:6      | Noticed Edmund
  7566 | D:6      | Your ally Edmund died
  7812 | D:6      | Noticed Eustachio
  7827 | D:6      | HP: 1/54 [white imp/puff of frost[Eustachio] (6)]
  7828 | D:6      | Killed from afar by a white imp

Illustrated notes

Levels and vault maps discovered:
D:1:      scummos_arrival_forest, layout_rooms, ebering_ecumenical_altar_ruins,
          minmay_shallow_snake_nest
D:2:      wad_lake_hut, layout_rooms, st_stairs_10, chequers_avenue,
          corexii_leaking_fountain
D:3:      cheibrodos_greedy_goblins, layout_rooms,
          nicolae_overflow_hidden_temple, kennysheep_vampire_church,
          gammafunk_temple_overflow_claw, st_stairs_9, kennysheep_generic_room_6
D:4:      layout_loops_ring, kennysheep_little_box, vehumet_altar_wand_db,
          minmay_temple_entry_large_hall, uniq_natasha
D:5:      kennysheep_spiral_hall, layout_cave_pools,
          nicolae_qazlal_eye_of_the_storm
D:6:      layout_basic, mainiacjoe_overflow_large_starburst, corexii_shack,
          uniq_maggie, uniq_edmund, uniq_eustachio
Temple:   chequers_temple_sunken

Skill      XL: |  1  2  3  4  5  6  7  8 |
---------------+-------------------------+-----
Invocations    | 1 2 3 4 |  4.0
Short Blades   | 1 2 3 |  3.6
Long Blades    | 1 2 3 |  3.6
Axes           | 1 2 3 |  3.6
Maces & Flails | 1 2 3 |  3.6
Polearms       | 1 2 3 |  3.6
Staves         | 1 2 3 |  3.6
Ranged Weapons | 1 2 3 |  3.6
Throwing       | 1 2 3 |  3.6
Shields        | 1 2 3 |  3.6
Unarmed Combat | 1 2 3 |  3.6
Spellcasting   | 1 2 3 |  3.6
Conjurations   | 1 2 |  2.9
Hexes          | 1 2 |  2.9
Summonings     | 1 2 |  2.9
Necromancy     | 1 2 |  2.9
Translocations | 1 2 |  2.9
Transmutations | 1 2 |  2.9
Fire Magic     | 1 2 |  2.9
Ice Magic      | 1 2 |  2.9
Air Magic      | 1 2 |  2.9
Earth Magic    | 1 2 |  2.9
Poison Magic   | 1 2 |  2.9
Shapeshifting  | 1 2 |  2.9
Fighting       | 3 4 |  4.5
Dodging        | 3 4 |  4.5
Stealth        | 3 4 |  4.3
Armour         | 5 |  5.9
Evocations     | 7 |  7.5

Action                     |  1- 3 |  4- 6 |  7- 9 || total
---------------------------+-------+-------+-------++-------
  Melee: Club              |   183 |   402 |   404 ||   989
         Bite              |    17 |    42 |    60 ||   119
         Punch             |     2 |    13 |     8 ||    23
         Flail             |       |       |    30 ||    30
  Throw: Dart              |       |       |    19 ||    19
  Evoke: Wand              |     3 |    17 |    26 ||    46
    Use: Scroll            |       |       |     4 ||     4
         Potion            |       |       |     1 ||     1
   Stab: Sleeping          |     3 |     2 |     1 ||     6
 Armour: Leather armour    |    10 |       |       ||    10
         Ring mail         |   110 |   357 |   195 ||   662
  Dodge: Dodged            |   148 |   405 |   302 ||   855

Table legend: (Time is in decaauts)
 A = Elapsed time spent in this place.
 B = Non-inter-level travel time spent in this place.
 C = Inter-level travel time spent in this place.
 D = Time resting spent in this place.
 E = Time spent auto-exploring this place.
 F = Levels seen in this place.
 G = Mean time per level.
                   A        B        C        D        E       F      G
               +--------+--------+--------+--------+--------+-----+--------+
         Total |   8138 |   7891 |    247 |   1905 |   3757 |   7 | 1162.6 |
       Dungeon |   7947 |   7726 |    221 |   1767 |   3757 |   6 | 1324.5 |
        Temple |    191 |    165 |     26 |    138 |      0 |   1 |  191.0 |
               +--------+--------+--------+--------+--------+-----+--------+

Top non-repeatable levels by time:
     D:4: 2176 daAuts
     D:3: 1789 daAuts
     D:2: 1766 daAuts
     D:5: 1194 daAuts
     D:1: 724 daAuts
     D:6: 296 daAuts
  Temple: 191 daAuts
